 Dungeon Crawl Stone Soup version 0.31-a0-924-ge39a22a033 (webtiles) character file.

Game seed: 2551251067004125261

2471 Gladio the Cleaver (level 9, -1/118 HPs)
             Began as a Hill Orc Fighter on Oct 18, 2023.
             Was a Priest of Okawaru.
             Succumbed to an orc wizard's poison
             ... on level 7 of the Dungeon.
             The game lasted 00:10:13 (5440 turns).

Gladio the Cleaver (Hill Orc Fighter)               Turns: 5440, Time: 00:10:13

Health: -1/118     AC: 11    Str: 23    XL:     9   Next: 51%
Magic:  13/13      EV:  9    Int:  8    God:    Okawaru [***...]
Gold:   270        SH: 11    Dex: 16    Spells: 8/8 levels left

rFire   + . .        K - +0 broad axe
rCold   + . .        c - +0 buckler
rNeg    . . .        b - +0 scale mail
rPois   +            j - +0 helmet
rElec   +            t - +0 cloak
rCorr   +            (no gloves)
SInv    .            B - +0 pair of boots
Will    +....        y - amulet of reflection Stlth
                     i - +6 ring of dexterity
HPRegen 0.39/turn    F - ring of willpower
MPRegen 0.13/turn

%: reflection
@: berserking, lethally poisoned (-1 -> -7), resistant, very quick
A: no striking features
a: Renounce Religion, Heroism


You were on level 7 of the Dungeon.
You worshipped Okawaru.
Okawaru was most pleased with you.
You visited 2 branches of the dungeon, and saw 8 of its levels.

You collected 270 gold pieces.

Inventory:

Hand Weapons
 a - a +0 war axe
 K - a +0 broad axe (weapon)
Missiles
 o - 6 poisoned darts (quivered)
 A - 7 boomerangs
Armour
 b - a +0 scale mail (worn)
 c - a +0 buckler (worn)
 j - a +0 helmet (worn)
 t - a +0 cloak (worn)
 B - a +0 pair of boots (worn)
Jewellery
 g - a ring of wizardry
 i - a +6 ring of dexterity (left hand)
 x - a ring of flight
 y - an amulet of reflection (around neck)
 E - a ring of positive energy
 F - a ring of willpower (right hand)
 I - a ring of protection from cold
Scrolls
 k - 2 scrolls of amnesia
 l - 2 scrolls of blinking {unknown}
 m - a scroll of poison
 n - a scroll of immolation
 p - 2 scrolls of teleportation
 s - a scroll of silence {unknown}
 u - 2 scrolls of noise
 v - 2 scrolls of enchant armour {unknown}
 z - a scroll of revelation {unknown}
 D - a scroll of fog {unknown}
 G - a scroll of vulnerability {unknown}
 H - a scroll of enchant weapon {unknown}
 J - a scroll of fear {unknown}
Potions
 d - 2 potions of might
 e - 2 potions of degeneration
 h - 3 potions of lignification
 w - a potion of enlightenment


   Skills:
 + Level 7.2 Fighting
 * Level 10.0 Axes
 + Level 6.5 Armour
 + Level 6.4 Shields
 + Level 6.1 Invocations


You had 8 spell levels left.
You didn't know any spells.
Your spell library contained the following spells:

 Spells                   Type           Power      Damage    Failure   Level
 Apportation              Tloc           0%         N/A       77%         1
 Necrotise                Necr           0%         1d4       77%         1
 Cigotuvi's Dreadful Rot  Necr/Pois/Air  0%         N/A       88%         2
 Sublimation of Blood     Necr           0%         N/A       88%         2
 Wereblood                Tmut           0%         N/A       88%         2
 Dispel Undead            Necr           0%         3d6       100%        4
 Lee's Rapid Deconstruct  Erth           0%         3d4*      100%        5
 Summon Small Mammal      Summ           Unusable   N/A       N/A         1
 Animate Armour           Summ/Erth      Unusable   N/A       N/A         4
 Summon Lightning Spire   Summ/Air       Unusable   N/A       N/A         4
 Death Channel            Necr           Unusable   N/A       N/A         6
 Summon Hydra             Summ           Unusable   N/A       N/A         7

Dungeon Overview and Level Annotations

Branches:
Dungeon (7/15)             Temple (1/1) D:6

Altars:
Ashenzari
Cheibriados
Dithmenos
Fedhas
Gozag
Hepliaklqana
Kikubaaqudgha
Makhleb
Nemelex Xobeh
Okawaru
Qazlal
Ru
Sif Muna
Trog
Uskayaw
Vehumet
Wu Jian
Xom
Yredelemnul
Jiyva


Message History

You feel extremely sick. You block the orc's attack.
Your Axes skill increases to level 10!
You feel much better.
* * * LOW HITPOINT WARNING * * *
You feel extremely sick. You block the orc's attack.
Okay, then.
It was a potion of resistance.
You feel protected.
* * * LOW HITPOINT WARNING * * *
You feel very sick. You block the orc's attack.
It was a potion of berserk rage.
A red film seems to cover your vision as you go berserk!
You feel yourself moving faster!
You feel mighty!
* * * LOW HITPOINT WARNING * * *
You feel very sick. You block the orc's attack.
You are too berserk!
You barely miss the orc.
* * * LOW HITPOINT WARNING * * *
You feel sick.
You hit the orc.
The orc is heavily wounded.
* * * LOW HITPOINT WARNING * * *
You feel sick. You block the orc's attack.
You slice the orc!!
You kill the orc!
Okawaru accepts your kill.
* * * LOW HITPOINT WARNING * * *
You feel sick.
You hit the orc.
The orc is moderately wounded.
* * * LOW HITPOINT WARNING * * *
You feel sick.
You slash the orc!
You kill the orc!
Okawaru accepts your kill.
You die...

.#####........ .##.#.............
................. ......
................ ....o.
............... ### #........
..............## #.###..........
...............# ##..............
.............o####......#........
..............o)@.......#........
..........).#####....)...........
...........## #......).........
..#......### #.......#........
..##....## ##......)##..<....
....)..## #.........##......
..##..## #.................
.###..# #..............#..
..#..## #............####.


You could see an orc warrior and an orc.

Vanquished Creatures
  A hornet (D:7)
  Prince Ribbit (D:6)
  Menkaure (D:6)
  Edmund (D:4)
  2 ice beasts
  A black bear (D:5)
  7 centaurs
  A bullfrog (D:7)
  3 scorpions
  A gnoll bouda (D:5)
  4 hounds
  Crazy Yiuf (D:2)
  4 orc priests
  Natasha (thrice) (D:3)
  A sleepcap (D:5)
  3 iguanas
  4 orc wizards
  A mummy (D:4)
  4 gnolls (D:5)
  4 adders
  A white imp (D:4)
  2 ufetubi (D:5)
  2 dart slugs
  14 orcs
  9 bats
  6 endoplasms
  2 giant cockroaches
  10 goblins
  5 hobgoblins
  7 jackals
  5 kobolds
  4 quokkas
  7 ball pythons
  A frilled lizard (D:1)
  3 kobold zombies (D:4)
  An orc zombie (D:4)
  8 rats
135 creatures vanquished.

Notes
Turn   | Place    | Note
-------+----------+-------------------------------------------
     0 | D:1      | Gladio the Hill Orc Fighter began the quest for the Orb.
     0 | D:1      | Reached XP level 1. HP: 19/19 MP: 1/1
    67 | D:1      | Reached skill level 3 in Axes
   121 | D:1      | Reached XP level 2. HP: 27/27 MP: 2/2
   255 | D:1      | Found a faded altar of an unknown god.
   276 | D:1      | Prayed at the altar of an unknown god.
   276 | D:1      | Became a worshipper of Warmaster Okawaru
   276 | D:1      | Reached * piety under Okawaru
   457 | D:1      | Reached XP level 3. HP: 33/33 MP: 3/3
   837 | D:2      | Found a bloodstained altar of Trog.
  1024 | D:2      | Reached skill level 4 in Axes
  1164 | D:2      | Reached XP level 4. HP: 40/40 MP: 4/4
  1332 | D:2      | Found a runed translucent door.
  1333 | D:2      | Noticed Crazy Yiuf
  1446 | D:2      | Killed Crazy Yiuf
  1447 | D:2      | Reached skill level 1 in Invocations
  1528 | D:3      | Noticed Natasha
  1532 | D:3      | Killed Natasha
  1533 | D:3      | Reached XP level 5. HP: 40/46 MP: 4/6
  1577 | D:3      | Noticed Natasha
  1591 | D:3      | Killed Natasha
  1654 | D:3      | Noticed Natasha
  1659 | D:3      | Killed Natasha
  1977 | D:3      | Reached skill level 5 in Axes
  2078 | D:3      | Found an opulent altar of Gozag.
  2081 | D:3      | Found a basalt altar of Yredelemnul.
  2083 | D:3      | Found a hazy altar of Hepliaklqana.
  2083 | D:3      | Found a burning altar of Makhleb.
  2084 | D:3      | Found a shadowy altar of Dithmenos.
  2865 | D:4      | Reached XP level 6. HP: 53/53 MP: 4/7
  2902 | D:4      | Noticed Edmund
  2912 | D:4      | Killed Edmund
  2913 | D:4      | Reached skill level 6 in Axes
  3060 | D:4      | Reached skill level 5 in Fighting
  3060 | D:4      | Reached XP level 7. HP: 44/61 MP: 9/9
  3517 | D:4      | Reached ** piety under Okawaru
  3581 | D:5      | Entered Level 5 of the Dungeon
  3693 | D:5      | Reached skill level 5 in Armour
  3701 | D:5      | Reached skill level 5 in Shields
  3789 | D:5      | Reached skill level 7 in Axes
  3799 | D:5      | Reached XP level 8. HP: 68/69 MP: 10/10
  3936 | D:5      | Found a snail-covered altar of Cheibriados.
  4107 | D:5      | Reached skill level 8 in Axes
  4174 | D:5      | Found a hide-covered altar of Uskayaw.
  4175 | D:5      | Found an ancient bone altar of Kikubaaqudgha.
  4368 | D:6      | Found a staircase to the Ecumenical Temple.
  4386 | Temple   | Entered the Ecumenical Temple
  4406 | D:6      | Noticed Prince Ribbit
  4434 | D:6      | Killed Prince Ribbit
  4434 | D:6      | Reached *** piety under Okawaru
  4435 | D:6      | Reached skill level 5 in Invocations
  4782 | D:6      | Reached skill level 9 in Axes
  4782 | D:6      | Reached XP level 9. HP: 73/78 MP: 11/13
  5006 | D:6      | Noticed Menkaure
  5014 | D:6      | Killed Menkaure
  5294 | D:7      | Noticed a hornet
  5300 | D:7      | Paralysed by a hornet for 3 turns
  5327 | D:7      | Killed a hornet
  5433 | D:7      | Reached skill level 10 in Axes
  5436 | D:7      | HP: 5/118 [poisoned by an orc wizard]
  5436 | D:7      | Identified the +7 war axe "Ultimatum" {venom, rElec rPois
                  | rC+}
  5438 | D:7      | HP: 1/118 [poisoned by an orc wizard]
  5440 | D:7      | Succumbed to an orc wizard's poison

Illustrated notes

Levels and vault maps discovered:
D:1:      eino_arrival_cavern_d, layout_basic, dreamdust_ecumenical_altar_grove
D:2:      layout_loops_ring, basic_altar, uniq_crazy_yiuf_cottage
D:3:      wad_lake_hut, layout_loops_corners, grunt_temple_overflow_open,
          minmay_quadrilaterals, uniq_natasha
D:4:      layout_cave_pools, nicolae_zen_rock_garden, dreamdust_princess_bridge,
          roderic_batcave, minmay_mini_ossuary, uniq_edmund
D:5:      layout_rooms, mainiacjoe_overflow_divided_tiny,
          mainiacjoe_overflow_paths
D:6:      nicolae_cairo_tiling_large, layout_basic,
          minmay_temple_entry_stoned_glass, uniq_menkaure, uniq_prince_ribbit1
D:7:      layout_cave_pools, chequers_serial_rivers_large_a,
          dreamdust_gnoll_shepherd
Temple:   pf_slime_end_temple

Skill      XL: |  1  2  3  4  5  6  7  8  9 |
---------------+----------------------------+-----
Axes           | 3 4 5 6 7 9 10 | 10.0
Fighting       | 4 5 6 7 |  7.2
Invocations    | 1 2 3 5 6 |  6.1
Armour         | 4 5 6 |  6.5
Shields        | 4 5 6 |  6.4

Action                     |  1- 3 |  4- 6 |  7- 9 || total
---------------------------+-------+-------+-------++-------
  Melee: War axe           |   112 |    93 |   176 ||   381
         Broad axe         |       |       |    52 ||    52
  Throw: Dart              |       |     4 |    10 ||    14
 Invoke: Heroism           |       |     3 |     4 ||     7
    Use: Scroll            |       |     7 |     5 ||    12
         Potion            |       |       |    10 ||    10
 Armour: Scale mail        |    90 |    64 |   160 ||   314
  Dodge: Dodged            |    54 |    47 |    99 ||   200
  Block: Buckler           |    27 |    22 |   145 ||   194
         Reflection        |       |       |    15 ||    15

Table legend: (Time is in decaauts)
 A = Elapsed time spent in this place.
 B = Non-inter-level travel time spent in this place.
 C = Inter-level travel time spent in this place.
 D = Time resting spent in this place.
 E = Time spent auto-exploring this place.
 F = Levels seen in this place.
 G = Mean time per level.
                   A        B        C        D        E       F      G
               +--------+--------+--------+--------+--------+-----+--------+
         Total |   5583 |   5431 |    152 |      9 |   4382 |   8 |  697.9 |
       Dungeon |   5581 |   5429 |    152 |      9 |   4382 |   7 |  797.3 |
        Temple |      1 |      1 |      0 |      0 |      0 |   1 |    1.0 |
               +--------+--------+--------+--------+--------+-----+--------+

Top non-repeatable levels by time:
     D:3: 1251 daAuts
     D:6: 893 daAuts
     D:4: 891 daAuts
     D:5: 790 daAuts
     D:1: 787 daAuts
     D:2: 770 daAuts
     D:7: 196 daAuts
  Temple: 1 daAuts
